Map: Catalyst LE

Players

Zanster - Winner!

  • Race: Zerg Zerg
  • Spawn Location: 5:00

iGXY (XY)

  • Race: Terran Terran
  • Spawn Location: 11:00

Event: WCS Leipzig 2018

VOD

Have the link to the VOD?

Description

Time

  • Played on: Jan. 26, 2018, 1:34 p.m.
  • Length: 17:54

All games in this series

Show
View Real Time Build Order
Export as new Build Order

Zanster Zerg - Winner!

Build Orders: Pool First 

Get SALT Encoding   

  12  0:00  Drone  
  13  0:12  Overlord  
  13  0:17  Drone  
  14  0:31  Drone  
  14  0:32  Drone  
  14  0:35  Drone  
  17  0:45  Spawning Pool  
  17  0:48  Drone  
  17  0:56  Drone  
  18  1:02  Extractor  
  17  1:16  Hatchery  
  16  1:32  Zergling x6  
  19  1:33  Queen  
  21  1:44  Drone  
  22  1:56  Overlord, Roach Warren  
  21  2:04  Drone  
  22  2:16  Overlord  
  22  2:40  Roach  
  22  2:41  Roach x3  
  30  2:47  Roach  
  30  2:48  Roach x2  
  33  2:54  Roach  
  35  2:59  Roach  
  37  3:07  Roach  
  37  3:09  Drone  
  40  3:14  Overlord  
  40  3:18  Drone  
  41  3:22  Drone  
  41  3:24  Drone  
  41  3:27  Drone  
  44  3:33  Drone x2  
  46  3:36  Drone  
  46  3:39  Drone  
  44  3:58  Drone x5  
  44  4:02  Drone x2  
  47  4:08  Queen  
  49  4:10  Drone  
  49  4:15  Drone  
  51  4:22  Hatchery  
  51  4:23  Drone  
  51  4:25  Overlord  
  49  4:32  Drone  
  49  4:35  Drone  
  51  4:39  Drone  
  51  4:44  Drone x2  
  51  4:45  Drone x2  
  51  4:48  Lair  
  51  4:49  Extractor  
  51  4:51  Extractor  
  46  4:54  Evolution Chamber  
  46  4:56  Queen  
  46  4:59  Drone x2  
  49  5:05  Drone  
  49  5:06  Overlord  
  50  5:08  Metabolic Boost  
  50  5:23  Zergling x2  
  52  5:28  Zergling x8  
  52  5:29  Zergling x6  
  52  5:32  Queen  
  52  5:34  Zerg Ground Armor Level 1  
  60  5:38  Queen  
  60  5:41  Zergling x6  
  65  5:47  Overlord  
  65  5:51  Glial Reconstitution  
  64  5:57  Zergling x2  
  64  5:59  Overlord x2  
  65  6:05  Overlord  
  65  6:09  Zergling x12  
  71  6:12  Zergling x2  
  72  6:18  Overlord  
  72  6:20  Zergling x6  
  72  6:21  Zergling x8  
  79  6:27  Overlord  
  79  6:31  Drone x2  
  80  6:36  Drone  
  81  6:41  Drone  
  81  6:43  Evolution Chamber  
  81  6:45  Drone x2  
  81  6:47  Drone x2  
  83  6:48  Drone x4  
  83  6:49  Overseer  
  83  6:53  Drone  
  89  6:54  Drone  
  90  7:01  Drone  
  90  7:04  Drone  
  90  7:05  Drone  
  90  7:07  Drone  
  90  7:08  Drone x2  
  95  7:09  Drone  
  95  7:14  Zerg Melee Weapons Level 1  
  97  7:19  Baneling Nest, Hydralisk Den, Drone  
  96  7:26  Zergling x12  
  96  7:29  Zergling x4  
  104  7:30  Zergling x2  
  104  7:32  Hatchery  
  104  7:35  Zerg Ground Armor Level 2  
  104  7:41  Overlord  
  104  7:42  Zergling x8  
  104  7:43  Zergling x2  
  104  7:44  Zergling x2  
  110  7:49  Zergling x2  
  110  7:50  Zergling x4  
  113  7:53  Overlord  
  113  7:56  Muscular Augments  
  113  7:58  Drone, Extractor  
  113  7:59  Drone  
  113  8:03  Overlord  
  113  8:05  Centrifical Hooks  
  115  8:15  Drone x3  
  115  8:16  Drone  
  115  8:17  Extractor  
  114  8:22  Drone x3  
  114  8:26  Hatchery  
  116  8:30  Hydralisk x6  
  128  8:34  Hatchery  
  128  8:35  Hydralisk  
  128  8:37  Overlord  
  129  8:45  Baneling x8  
  129  8:46  Zergling x2, Hydralisk  
  129  8:47  Zergling x6  
  135  8:50  Hydralisk  
  137  8:58  Overlord  
  137  9:05  Hydralisk x4  
  137  9:07  Overlord  
  145  9:13  Overlord x4  
  145  9:19  Zerg Melee Weapons Level 2  
  145  9:23  Hydralisk x2  
  149  9:24  Zergling x4  
  149  9:26  Overlord  
  151  9:35  Hydralisk x2  
  151  9:36  Zergling x8  
  151  9:38  Zergling x2  
  160  9:53  Drone x14  
  168  10:04  Hydralisk  
  168  10:05  Zergling x12  
  176  10:12  Baneling  
  176  10:13  Baneling x9  
  172  10:17  Zergling x16  
  175  10:22  Zergling x4  
  175  10:23  Zergling x4  
  164  10:32  Drone x4  
  167  10:37  Hydralisk Den  
  167  10:42  Zergling x14  
  172  10:45  Overlord  
  172  10:48  Queen  
  169  10:57  Zergling x2  
  169  10:58  Zergling x20  
  163  11:04  Hatchery, Zergling x6  
  163  11:09  Zergling x2  
  165  11:16  Zergling x6  
  168  11:21  Zergling x12  
  168  11:25  Baneling x6  
  174  11:31  Zergling x4, Infestation Pit  
  174  11:32  Zergling x4  
  177  11:35  Zergling x6  
  174  11:43  Zergling x2  
  174  11:44  Baneling  
  174  11:45  Baneling x4  
  172  11:49  Zergling x2  
  172  11:50  Zergling x4  
  174  11:54  Zergling x2  
  174  11:59  Zergling x12  
  178  12:04  Zergling x12  
  176  12:11  Zergling x2  
  176  12:12  Zergling x4  
  179  12:15  Hive  
  179  12:18  Hydralisk x2  
  179  12:19  Zergling x2  
  179  12:20  Queen  
  179  12:21  Overlord  
  186  12:24  Baneling x6  
  186  12:25  Baneling x4, Zergling x2  
  187  12:33  Hydralisk  
  187  12:34  Zergling x6  
  170  12:38  Hydralisk x2  
  170  12:43  Hydralisk  
  170  12:44  Hydralisk  
  175  12:52  Zergling x20  
  185  13:03  Zergling x8  
  189  13:08  Hatchery  
  189  13:09  Zergling x6  
  189  13:10  Zergling x2  
  185  13:22  Drone x8  
  193  13:28  Zergling x8  
  193  13:29  Zergling x4  
  193  13:32  Overseer  
  193  13:33  Zerg Missile Weapons Level 1  
  199  13:35  Adrenal Glands, Zerg Ground Armor Level 3  
  199  13:38  Baneling, Ultralisk Cavern  
  199  13:39  Baneling x14  
  198  13:46  Extractor  
  197  13:48  Extractor, Spore Crawler  
  195  14:18  Zergling x10  
  198  14:28  Zergling x4  
  198  14:29  Zergling x2  
  195  14:42  Zergling x4  
  195  14:43  Zergling x52  
  189  14:46  Zergling x2  
  189  14:52  Chitinous Plating  
  178  14:58  Ultralisk x5  
  178  14:59  Viper  
  194  15:03  Viper  
  194  15:05  Zergling x8  
  195  15:09  Zergling x2  
  195  15:11  Baneling x7  
  192  15:17  Zergling x2  
  192  15:18  Zergling x8  
  197  15:24  Zergling x4  
  198  15:28  Zergling x2  
  193  15:41  Zergling x2  
  193  15:42  Zergling x20  
  198  15:50  Zergling x4  
  198  15:54  Baneling  
  198  15:55  Baneling x5  
  196  16:08  Zergling x4  
  196  16:09  Zergling x4  
  183  16:21  Zergling x4  
  183  16:22  Zergling x36  
  192  16:29  Hydralisk x4  
  192  16:30  Hydralisk  
  184  16:36  Ultralisk x3, Zergling x2, Hydralisk x3  
  184  16:37  Zergling x2  
  184  16:40  Hydralisk  
  184  16:44  Zergling x6  
  163  16:47  Queen x2  
  163  16:50  Hydralisk x2  
  164  16:58  Hydralisk x4  
  164  17:01  Queen  
  165  17:05  Hydralisk x4  
  163  17:08  Baneling  
  163  17:09  Baneling x5  
  163  17:11  Zergling x2  
  163  17:15  Zergling x6  
  166  17:16  Hatchery  
  166  17:19  Hatchery  
  165  17:24  Zergling x2  
  165  17:25  Zergling x14  
Show
View Real Time Build Order
Export as new Build Order

iGXY Terran 

Build Orders: Reaper Expand, Bio Tank 

Get SALT Encoding   

  12  0:00  SCV  
  13  0:12  SCV  
  14  0:18  Supply Depot  
  14  0:25  SCV  
  15  0:39  SCV  
  15  0:41  Barracks  
  16  0:44  Refinery  
  16  0:51  SCV  
  17  1:03  SCV  
  18  1:16  SCV  
  19  1:28  Orbital Command, Reaper  
  20  1:40  Command Center  
  20  1:51  Supply Depot  
  20  1:53  SCV  
  21  2:00  Marine  
  22  2:05  SCV  
  23  2:14  Factory  
  23  2:17  SCV  
  23  2:21  Barracks Reactor  
  24  2:29  SCV  
  25  2:41  SCV  
  25  2:53  SCV  
  25  2:55  Command Center  
  26  2:59  Marine  
  26  3:04  Orbital Command  
  28  3:09  Bunker  
  28  3:10  Marine  
  28  3:12  Factory Tech Lab  
  28  3:16  Marine  
  30  3:24  Refinery  
  30  3:28  Marine  
  30  3:30  Siege Tank  
  33  3:34  Marine  
  34  3:45  SCV x2  
  34  3:46  Marine  
  37  3:52  Marine  
  34  3:57  SCV x2  
  34  4:02  Siege Tank  
  36  4:08  Marine  
  36  4:09  SCV, Orbital Command  
  36  4:10  Marine  
  36  4:20  SCV  
  36  4:21  SCV  
  38  4:25  Marine  
  39  4:33  SCV x2  
  39  4:35  Siege Tank  
  42  4:45  SCV  
  40  4:46  SCV  
  40  4:47  Marine x2  
  43  4:54  SCV  
  43  4:57  SCV  
  43  4:58  SCV, Barracks  
  46  5:06  SCV, Supply Depot  
  47  5:13  SCV  
  47  5:14  SCV  
  49  5:15  Barracks  
  49  5:16  Marine  
  49  5:17  Stimpack  
  49  5:18  SCV, Hellion x2  
  55  5:25  SCV  
  55  5:27  SCV  
  57  5:29  Refinery, Supply Depot  
  57  5:30  SCV  
  57  5:34  Marine  
  59  5:36  Refinery  
  59  5:38  SCV  
  59  5:39  SCV  
  59  5:42  SCV  
  62  5:45  Engineering Bay  
  62  5:46  Engineering Bay  
  62  5:47  Factory Reactor  
  62  5:50  SCV  
  62  5:54  SCV  
  62  5:56  Marine x3  
  67  5:58  SCV  
  67  6:02  SCV, Supply Depot  
  69  6:06  Barracks Reactor  
  69  6:07  SCV  
  69  6:09  Starport  
  70  6:12  SCV, Supply Depot  
  70  6:14  SCV  
  72  6:18  Terran Infantry Weapons Level 1  
  72  6:19  Marine, Terran Infantry Armor Level 1  
  72  6:20  Marine  
  72  6:22  Marine  
  75  6:25  SCV  
  75  6:29  SCV  
  77  6:33  SCV  
  77  6:35  Factory Tech Lab  
  77  6:37  Marine x2  
  77  6:39  Supply Depot  
  80  6:40  Bunker  
  80  6:43  SCV, Marine x2  
  83  6:47  Marine  
  83  6:48  SCV  
  83  6:52  Bunker  
  83  6:53  Siege Tank  
  84  6:54  Bunker  
  84  6:56  Medivac x2  
  84  6:57  Marine  
  89  7:01  Supply Depot  
  89  7:02  Marine  
  89  7:03  Marine  
  89  7:05  SCV  
  91  7:11  Marine x2  
  93  7:17  SCV x2, Combat Shields  
  93  7:19  Armory  
  95  7:24  Marine x3  
  98  7:32  Marine  
  98  7:33  SCV  
  101  7:38  SCV  
  101  7:39  Siege Tank  
  101  7:41  Barracks  
  101  7:42  Marine x2  
  107  7:45  Barracks  
  107  7:47  Medivac  
  108  7:54  Medivac, Marine x2  
  108  7:57  Orbital Command, Marine  
  113  8:03  Marine  
  114  8:07  SCV  
  114  8:10  Marine  
  114  8:11  Marine  
  117  8:24  Supply Depot  
  117  8:26  Medivac x2, Marine, Siege Tank  
  125  8:32  Terran Infantry Weapons Level 2  
  125  8:37  Terran Infantry Armor Level 2  
  125  8:39  Refinery  
  125  8:40  Refinery  
  125  8:43  Command Center  
  125  8:45  Supply Depot x2, Barracks Reactor x2  
  125  8:46  SCV x3, Marine  
  129  8:55  Supply Depot, Marine x3  
  129  8:56  Supply Depot  
  129  8:57  Supply Depot  
  129  8:58  SCV  
  133  9:07  SCV, Siege Tank  
  137  9:11  Factory  
  137  9:14  SCV x2  
  137  9:15  Marine x4  
  143  9:19  SCV, Supply Depot  
  143  9:20  Medivac, Marine  
  143  9:21  Supply Depot x2  
  147  9:26  SCV  
  147  9:27  SCV  
  147  9:30  Marine  
  147  9:31  Marine  
  151  9:35  Marine x6  
  157  9:38  Marine  
  157  9:39  Siege Tank  
  161  9:48  Marine x2  
  163  9:53  Marine x6  
  163  9:56  Marine  
  170  10:06  Marine  
  161  10:11  Medivac x2, Siege Tank  
  161  10:13  Marine x5  
  161  10:14  Marine  
  174  10:16  Marine  
  174  10:21  Marine  
  172  10:24  Marine  
  165  10:31  Marine x6  
  165  10:33  Marine  
  170  10:36  Factory Tech Lab  
  170  10:39  Marine  
  170  10:41  Medivac x2  
  170  10:42  Marine  
  167  10:43  Siege Tank  
  167  10:49  Marine x2  
  172  10:53  Marine x3  
  175  11:00  Marine  
  175  11:04  Marine x2  
  151  11:05  Siege Tank, Marine  
  151  11:06  Marine x2  
  151  11:08  Terran Infantry Weapons Level 3, Terran Infantry Armor Level 3  
  151  11:11  Planetary Fortress, Marine x3  
  154  11:15  Siege Tank  
  154  11:18  Marine  
  161  11:19  Barracks x2  
  161  11:21  Marine  
  161  11:22  Marine  
  161  11:23  Marine  
  161  11:24  Marine x2  
  166  11:29  Marine x2  
  168  11:35  Marine x2  
  168  11:37  Siege Tank  
  166  11:43  Marine  
  167  11:47  Siege Tank  
  167  11:49  SCV x2  
  167  11:50  SCV  
  172  11:56  Marine  
  172  11:57  Marine x5  
  172  11:58  Marine x2  
  180  12:01  Marine  
  180  12:04  Barracks  
  172  12:09  Siege Tank  
  172  12:14  Refinery x2, Marine  
  172  12:15  Sensor Tower  
  176  12:16  Command Center  
  176  12:19  Siege Tank  
  179  12:25  Marine x2  
  172  12:30  Marine x2  
  172  12:31  Marine  
  172  12:34  Marine x2  
  172  12:36  Marine  
  134  12:41  Siege Tank  
  134  12:43  Marine x2  
  134  12:49  Barracks Tech Lab, Marine x3  
  134  12:51  Barracks Tech Lab  
  137  12:55  Barracks Tech Lab  
  137  12:58  Siege Tank  
  139  12:59  Marine x2  
  139  13:00  Marine  
  139  13:03  Marine x2  
  146  13:07  Liberator x2, Marine  
  147  13:13  Siege Tank  
  147  13:16  Marine  
  147  13:18  Marauder x2  
  147  13:19  Marauder x2  
  163  13:30  Siege Tank  
  163  13:32  Concussive Shells  
  166  13:40  Marauder x4  
  166  13:41  Marine x2  
  174  13:42  Marine  
  174  13:43  Marine  
  174  13:45  Siege Tank  
  181  13:49  Terran Vehicle And Ship Armor Level 1  
  181  13:58  Marine  
  181  13:59  Marine x3  
  181  14:01  Marauder x3  
  181  14:02  Siege Tank  
  194  14:04  Marine x2  
  194  14:09  Marine, Marauder  
  199  14:22  Marauder  
  195  14:25  Marine  
  195  14:27  Marine x3  
  199  14:32  Marine  
  199  14:34  Liberator  
  193  14:41  Marine x4, Marauder x2  
  193  14:43  Marine x2  
  193  14:45  Marine x3  
  163  14:49  Marine  
  151  14:52  Siege Tank  
  151  14:58  Marine  
  151  14:59  Marine x2, Marauder  
  153  15:01  Marine  
  153  15:02  Marauder x3  
  153  15:03  Marine x3  
  128  15:07  Viking, Marine  
  164  15:15  Unknown x6  
  164  15:16  Marine x3  
  164  15:19  Marine  
  164  15:20  Siege Tank  
  164  15:21  Marine x3, Marauder  
  173  15:23  Marauder  
  173  15:24  Marauder x2  
  173  15:25  Marine  
  182  15:34  Marine x3  
  184  15:36  Marine  
  184  15:38  Marine  
  184  15:39  Marine x2  
  184  15:42  Marine  
  170  15:43  Marine  
  170  15:44  Marauder  
  170  15:45  Marine, Marauder  
  176  15:52  Marine x3  
  176  15:54  Marine  
  176  15:56  Marine x2  
  182  16:00  Marauder  
  182  16:02  Marine  
  182  16:03  Marine, Marauder  
  188  16:05  Marine  
  188  16:06  Marine  
  188  16:10  Marine x3  
  192  16:12  Marine  
  192  16:14  Marine x2  
  191  16:21  Marine  
  191  16:22  Marine  
  191  16:24  Marauder  
  186  16:26  Siege Tank  
  186  16:28  Marauder  
  186  16:32  Marine x5  
  179  16:33  Marine, Siege Tank  
  179  16:39  Marine  
  146  16:40  Marine  
  146  16:44  Marine  
  113  16:49  Marine  
  113  16:50  Marine  
  102  16:54  Marine x3, Marauder  
  102  16:55  Marine  
  102  16:57  Marine  
  102  16:58  Marine  
  101  17:07  Marine x2  
  106  17:08  Medivac, Siege Tank  
  106  17:10  Medivac  
  106  17:12  Marine  
  106  17:13  Marauder  
  111  17:25  Orbital Command  
  100  17:33  Marine  
  100  17:34  Marine  
  100  17:35  Marine x2  
  100  17:36  Marine  
  90  17:37  Unknown x2  
Tags
 
Add a new tag
Caveats
  • Supply blocks, unpowered buildings, or Contaminate may cause inaccurate times.
  • Supply counts are checked every 10 seconds.